 Dungeon Crawl Stone Soup version 0.17.1-1-g73c8601 (webtiles) character file.

76 Andry07 the Shield-Bearer (level 4, 0/23 HPs)
             Began as a Vine Stalker Fighter on Dec 27, 2015.
             Killed by nerve-wracking pain
             ... invoked by an orc priest
              (5 damage)
             ... on level 3 of the Dungeon.
             The game lasted 00:03:32 (1463 turns).

Andry07 the Shield-Bearer (Vine Stalker Fighter)    Turns: 1463, Time: 00:03:32

Health: 0/23       AC:  8    Str: 25    XL:     4   Next: 32%
Magic:  0/5        EV:  7    Int:  8    God:
Gold:   174        SH: 10    Dex: 13    Spells: 0 memorised, 3 levels left

rFire  . . .     SeeInvis .     a - +0 long sword
rCold  . . .     Clarity  .     b - +0 scale mail
rNeg   . . .     SustAt   .     c - +0 shield
rPois  +         Gourm    .     f - +0 helmet
rElec  .         Spirit   +     (no cloak)
rCorr  .         Warding  .     h - +0 pair of gloves
rMut   .         Stasis   .     (no boots)
MR     .....                    (no amulet)
Stlth  ..........               (no ring)
                                i - ring of poison resistance

@: mighty, not resistant to hostile enchantments, extremely unstealthy
A: fangs 2, regeneration 1, magic shield, antimagic bite, no device heal 3, rot
immunity
a: no special abilities


You were on level 3 of the Dungeon.
You were not hungry.

You visited 1 branch of the dungeon, and saw 3 of its levels.

You collected 174 gold pieces.

Inventory:

Hand Weapons
 a - a +0 long sword (weapon)
Armour
 b - a +0 scale mail (worn)
 c - a +0 shield (worn)
 f - a +0 helmet (worn)
 h - a +0 pair of gloves (worn)
Jewellery
 i - a ring of poison resistance (left hand)
 s - an uncursed ring of magical power {unknown}
Scrolls
 g - a scroll of remove curse {unknown}
 m - 2 scrolls of teleportation {unknown}
 o - a scroll of magic mapping {unknown}
 p - 3 scrolls of random uselessness {unknown}
 r - 2 scrolls of enchant armour {unknown}
 t - a scroll of immolation {unknown}
 w - a scroll of recharging {unknown}
Potions
 k - a potion of cancellation {unknown}
 l - 2 potions of ambrosia {unknown}
 n - a potion of flight {unknown}
 q - a potion of brilliance {unknown}
 u - a potion of curing {unknown}
 v - a potion of agility {unknown}
Comestibles
 j - 2 fruits


   Skills:
 - Level 2.6 Fighting
 - Level 1.7 Long Blades
 - Level 2.4 Armour
 * Level 4.5 Shields


You had 3 spell levels left.
You didn't know any spells.

Dungeon Overview and Level Annotations

Branches:
Dungeon (3/15)

Altars:
Gozag


Innate Abilities, Weirdness & Mutations

You have extremely sharp teeth.
Your natural rate of healing is unusually fast.
When hurt, damage is shared between your health and your magic reserves.
Your bite disrupts and absorbs the magic of your enemies.
Potions and wands cannot restore your health.
You are immune to rotting.


Message History

The orc completely misses you. The orc priest closely misses you.
The orc hits you with a dagger.
You closely miss the orc priest.
The orc priest is lightly wounded.
You block the orc's attack.
The orc priest hits you but does no damage.
The orc hits you with a dagger.
You hit the orc priest but do no damage.
You bite the orc priest, but do no damage.
The orc priest is lightly wounded.
The orc hits you. You block the orc's attack.
The orc priest hits you with a mace.
* * * LOW HITPOINT WARNING * * *
You block the orc's attack.
Drink which item? (? for menu, Esc to quit)
You feel very mighty all of a sudden. The orc hits you but does no damage.
The orc priest invokes the aid of Beogh against you.
Pain shoots through your body!
You die...

.......
######.......
##..((.o.o....
##..####.#...##
#..## ... ...
#.## ..... . #
###.# .......
#.#oo.# .######
#..@o## .#
##....# ..
#.##.# ... ...
#.## ##.. #.
.... # ... ..


You could see an orc priest and 2 orcs.

Vanquished Creatures
  Jessica (D:2)
  3 adders (D:2)
  3 hobgoblins (D:1)
  3 bats (D:1)
  A giant cockroach (D:2)
  3 giant newts
  4 goblins
  4 kobolds (D:2)
  6 rats
28 creatures vanquished.

Notes
Turn   | Place    | Note
--------------------------------------------------------------
     0 | D:1      | Andry07 the Vine Stalker Fighter began the quest for the Orb.
     0 | D:1      | Reached XP level 1. HP: 11/11 MP: 2/2
   322 | D:1      | Reached skill level 3 in Shields
   391 | D:1      | Reached XP level 2. HP: 16/16 MP: 3/3
   684 | D:2      | Noticed Jessica
   689 | D:2      | Killed Jessica
   689 | D:2      | Reached skill level 4 in Shields
   689 | D:2      | Reached XP level 3. HP: 2/19 MP: 1/4
   801 | D:2      | Reached XP level 4. HP: 21/23 MP: 5/5
  1174 | D:2      | Found an opulent altar of Gozag.
  1463 | D:3      | Killed from afar by an orc priest

Action                   |  1- 3 |  4- 6 || total
-------------------------+-------+-------++-------
Melee: Long sword        |    65 |    35 ||   100
  Use: Potion            |       |     1 ||     1
  Eat: Bread ration      |       |     1 ||     1
